 Dungeon Crawl Stone Soup version 0.27.1-1-g398f81649c (webtiles) character file.

Game seed: 10145203157076219989

27014 Borgoz the Carver (level 13, -16/159 HPs)
             Began as a Human Berserker on Sept 20, 2021.
             Was a High Priest of Trog.
             Demolished by a cane toad (17 damage)
             ... on level 5 of the Lair of Beasts.
             The game lasted 00:20:26 (18991 turns).

Borgoz the Carver (Human Berserker)                Turns: 18991, Time: 00:20:27

Health: -16/159    AC: 13    Str: 19    XL:     13   Next: 62%
Magic:  0/13       EV: 20    Int:  8    God:    Trog [*****.]
Gold:   749        SH:  0    Dex: 16    Spells: 12/12 levels left

rFire    . . .     SeeInvis +   c - +0 scimitar
rCold    + . .     Faith    .   (no shield)
rNeg     . . .     Spirit   +   k - +1 ring mail {rPois}
rPois    +         Reflect  .   v - +2 hat {SInv}
rElec    .         Harm     .   n - +0 cloak
rCorr    .         Rampage  .   g - +0 pair of gloves
Will     .....                  (no boots)
Stlth    ..........             A - amulet of guardian spirit
HPRegen  0.36/turn              b - ring of protection from cold
MPRegen  0.13/turn              l - +4 ring of evasion

@: berserking (expiring), lethally poisoned (-16 -> -33), very quick
A: no striking features
a: Renounce Religion, Berserk, Trog's Hand, Brothers in Arms


You were on level 5 of the Lair of Beasts.
You worshipped Trog.
Trog was extremely pleased with you.
You visited 3 branches of the dungeon, and saw 16 of its levels.

You collected 749 gold pieces.

Inventory:

Hand Weapons
 c - a +0 scimitar (weapon)
Missiles
 F - 2 throwing nets (quivered)
Armour
 g - a +0 pair of gloves (worn)
 k - a +1 ring mail of poison resistance (worn)
 n - a +0 cloak (worn)
 v - a +2 hat of see invisible (worn)
 y - a +0 troll leather armour
Jewellery
 b - a ring of protection from cold (left hand)
 l - a +4 ring of evasion (right hand)
 A - an amulet of guardian spirit (around neck)
Scrolls
 a - a scroll of noise {unknown}
 d - 2 scrolls of teleportation
 f - a scroll of silence {unknown}
 i - 2 scrolls of amnesia {unknown}
 o - a scroll of fear {unknown}
 q - 2 scrolls of enchant armour {unknown}
 s - a scroll of blinking {unknown}
 w - 3 scrolls of enchant weapon {unknown}
 x - a scroll of immolation {unknown}
 C - a scroll of magic mapping {unknown}
 D - a scroll of holy word {unknown}
Potions
 e - a potion of lignification
 h - 2 potions of haste
 j - a potion of cancellation
 m - 2 potions of flight
 p - a potion of mutation
 r - a potion of magic
 t - a potion of invisibility
 u - 2 potions of resistance {unknown}
 z - a potion of berserk rage {unknown}
 B - 2 potions of curing
 E - a potion of heal wounds
 G - 2 potions of might {unknown}


   Skills:
 + Level 11.1 Fighting
 * Level 12.4 Long Blades
 + Level 11.0 Armour
 + Level 10.9 Dodging


You had 12 spell levels left.
You didn't know any spells.
Your spell library was empty.

Dungeon Overview and Level Annotations

Branches:
Dungeon (10/15)            Temple (1/1) D:4            Lair (5/6) D:8
 Shoals (0/4) Lair:2        Snake (0/4) Lair:3
  Slime: Lair:5-6       Orc: D:9-12

Altars:
Cheibriados
Elyvilon
Fedhas
Gozag
Hepliaklqana
Kikubaaqudgha
Okawaru
Qazlal
Sif Muna
Trog
Uskayaw
Vehumet
Wu Jian
Xom
Yredelemnul
Zin
The Shining One

Annotations:
Lair:5 Urug


Message History

* * * LOW HITPOINT WARNING * * *
The cane toad barely misses you.
You riposte.
You barely miss the cane toad. The cane toad misses you.
The blink frog blinks!
You slice the hell rat!!
You kill the hell rat!
Trog accepts your kill. The black mamba misses you. The wolf barely misses you.
The polar bear bites you!
* * * LOW HITPOINT WARNING * * *
The polar bear barely misses you.
The polar bear claws you but does no damage.
The cane toad completely misses you. The hell rat closely misses you.
You riposte.
You barely miss the hell rat.
The hell rat is severely wounded.
You barely miss the hell rat.
The hell rat is severely wounded.
You feel sick. The black mamba barely misses you.
The blink frog blinks!
The cane toad stings you but does no damage.
The wolf bites you but does no damage.
You barely miss the hell rat.
The hell rat is severely wounded.
The black mamba bites you!
* * * LOW HITPOINT WARNING * * *
You are lethally poisoned!
The black mamba poisons you! The cane toad barely misses you.
The polar bear closely misses you.
The polar bear claws you but does no damage.
The polar bear misses you. The hell rat closely misses you.
The cane toad misses you. The wolf completely misses you.
The hell rat bites you but does no damage.
You barely miss the hell rat.
The hell rat is severely wounded.
* * * LOW HITPOINT WARNING * * *
You feel very sick. The black mamba bites you.
* * * LOW HITPOINT WARNING * * *
The hell rat bites you but does no damage.
The wolf completely misses you.
You riposte.
You hit the wolf but do no damage. The cane toad stings you!
You die...

#..............
####....#........
#.#/.....<.......
#...............
#..............≈
#####...o..F.....≈≈
P##....FF.§.......≈≈≈
......FFh.........≈≈≈
#....#@Sl.P......≈≈≈
##...rrh...P§....≈≈≈
#....F..........≈≈
#P...P.....#......
.......#...####.#.
............
............. .......
.....P


You could see Urug, a polar bear, a komodo dragon, a black mamba, 4 cane toads,
2 blink frogs, a wolf and 2 hell rats.

Vanquished Creatures
  Gastronok (D:8)
  A boulder beetle (Lair:2)
  A lindwurm (Lair:5)
  4 elephants (Lair:3)
  A merfolk siren (Lair:2)
  2 black mambas
  Joseph (D:8)
  10 cane toads
  Psyche (D:8)
  8 komodo dragons
  A troll (D:9)
  3 hornets
  A polar bear (Lair:3)
  Grinder (D:5)
  19 blink frogs
  Sigmund (D:5)
  A vampire (D:9)
  A shadow (D:9)
  19 yaks
  3 wyverns
  A basilisk (Lair:2)
  An acid dragon (D:6)
  14 water moccasins
  5 orc warriors
  A hornet zombie (D:6)
  2 black bears
  An ice beast (D:4)
  A necrophage (D:6)
  4 sky beasts
  An ogre (D:6)
  A centaur (D:5)
  10 wolves
  14 bullfrogs
  A kobold brigand (D:9)
  5 scorpions
  A water moccasin zombie (D:5)
  2 water moccasin skeletons
  4 howler monkeys
  2 bullfrog zombies (D:6)
  3 hounds
  2 jellies (D:6)
  4 centaur zombies
  6 orc priests
  2 bullfrog skeletons
  5 iguanas
  8 orc wizards
  2 hell rats (Lair:5)
  Terence (D:2)
  A howler monkey zombie (D:9)
  3 gnolls (D:7)
  2 adders
  A shadow imp (D:6)
  2 white imps (D:6)
  An ufetubus (D:5)
  2 adder skeletons (D:5)
  A worm (D:2)
  3 dart slugs
  34 orcs
  8 ball pythons
  4 endoplasms
  6 giant cockroaches
  6 goblins
  7 hobgoblins (D:1)
  4 jackals (D:1)
  5 kobolds
  6 quokkas
  12 bats
  4 frilled lizards
  7 rats
303 creatures vanquished.

Vanquished Creatures (collateral kills)
  13 yaks (Lair:2)
  An orc warrior (D:10)
14 creatures vanquished.

Vanquished Creatures (others)
  13 fungi
  45 plants
58 creatures vanquished.

Grand Total: 375 creatures vanquished

Notes
Turn   | Place    | Note
-------+----------+-------------------------------------------
     0 | D:1      | Borgoz the Human Berserker began the quest for the Orb.
     0 | D:1      | Reached XP level 1. HP: 18/18 MP: 1/1
   113 | D:1      | Reached XP level 2. HP: 21/24 MP: 2/2
   608 | D:1      | Reached XP level 3. HP: 29/29 MP: 3/3
  1047 | D:1      | Reached ** piety under Trog
  1430 | D:2      | Reached XP level 4. HP: 35/35 MP: 4/4
  1928 | D:2      | Noticed Terence
  1944 | D:2      | Killed Terence
  2770 | D:3      | Noticed a sky beast
  2783 | D:3      | Killed a sky beast
  2784 | D:3      | Reached XP level 5. HP: 42/42 MP: 5/5
  3057 | D:4      | Reached skill level 4 in Long Blades
  3057 | D:4      | Reached XP level 6. HP: 36/48 MP: 6/6
  3813 | D:4      | Noticed an ice beast
  3824 | D:4      | Killed an ice beast
  3825 | D:4      | Reached XP level 7. HP: 55/55 MP: 7/7
  3962 | D:4      | Found a staircase to the Ecumenical Temple.
  3974 | Temple   | Entered the Ecumenical Temple
  4362 | D:5      | Entered Level 5 of the Dungeon
  4492 | D:5      | Reached skill level 5 in Fighting
  4492 | D:5      | Reached skill level 5 in Long Blades
  4496 | D:5      | Reached XP level 8. HP: 38/62 MP: 8/8
  4602 | D:5      | Reached *** piety under Trog
  4903 | D:5      | Noticed Grinder
  4908 | D:5      | Paralysed by Grinder for 6 turns
  4939 | D:5      | Killed Grinder
  4940 | D:5      | Reached skill level 5 in Armour
  4940 | D:5      | Reached skill level 5 in Dodging
  5027 | D:5      | Found a shimmering altar of Xom.
  5739 | D:5      | Noticed Sigmund
  5750 | D:5      | Killed Sigmund
  5751 | D:5      | Reached skill level 6 in Long Blades
  5751 | D:5      | Reached XP level 9. HP: 69/69 MP: 9/9
  6528 | D:6      | HP: 4/106 [acid (5)]
  6909 | D:6      | Reached **** piety under Trog
  7494 | D:6      | Reached skill level 7 in Long Blades
  7803 | D:7      | Reached XP level 10. HP: 78/79 MP: 10/10
  8831 | D:8      | Identified the +1 dagger of the Messenger {pain, +Blink
                  | rCorr}
  8996 | D:8      | Noticed Joseph
  9015 | D:8      | Killed Joseph
  9418 | D:8      | Reached skill level 8 in Long Blades
  9585 | D:8      | Noticed Gastronok
  9611 | D:8      | Killed Gastronok
  9612 | D:8      | Reached XP level 11. HP: 54/87 MP: 11/11
  9800 | D:8      | Found a staircase to the Lair.
  9896 | D:8      | Noticed Psyche
  9907 | D:8      | Killed Psyche
 10432 | D:9      | Reached skill level 9 in Long Blades
 11128 | D:10     | Entered Level 10 of the Dungeon
 11772 | Lair:1   | Entered Level 1 of the Lair of Beasts
 12945 | Lair:1   | Reached XP level 12. HP: 97/97 MP: 12/12
 13250 | Lair:1   | You fall into a shaft and drop 1 floor!
 13284 | Lair:2   | Reached skill level 10 in Long Blades
 13311 | Lair:2   | Identified the +2 flail of Anxiety {flame, rF++}
 13466 | Lair:2   | Reached ***** piety under Trog
 13473 | Lair:2   | Noticed a boulder beetle
 14197 | Lair:2   | Reached skill level 10 in Fighting
 14408 | Lair:2   | Killed a boulder beetle
 14496 | Lair:2   | Reached skill level 10 in Armour
 14499 | Lair:2   | Reached skill level 10 in Dodging
 14852 | Lair:2   | Found a shimmering blue altar of Sif Muna.
 14983 | Lair:2   | Found a staircase to the Shoals.
 15557 | Lair:3   | Reached skill level 11 in Long Blades
 16169 | Lair:3   | Found a hazy altar of Hepliaklqana.
 16563 | Lair:3   | Reached XP level 13. HP: 87/104 MP: 10/13
 17040 | Lair:3   | Found a staircase to the Snake Pit.
 18048 | Lair:4   | Reached skill level 12 in Long Blades
 18981 | Lair:5   | Noticed Urug
 18990 | Lair:5   | HP: 7/159 [black mamba (11)]
 18991 | Lair:5   | HP: 3/159 [poisoned by a black mamba]
 18991 | Lair:5   | HP: 1/159 [black mamba (2)]
 18991 | Lair:5   | Demolished by a cane toad

Illustrated notes

Levels and vault maps discovered:
D:1:      minmay_arrival_shoal_huts, layout_basic
D:2:      layout_basic, uniq_terence
D:3:      layout_basic, st_stairs_13
D:4:      layout_cave_pods, minmay_temple_entry_statues_fountains
D:5:      layout_loops_corners, lemuel_doored_altar, hangedman_minor_gate_pass,
          uniq_sigmund, uniq_grinder
D:6:      layout_basic, serial_bayou, serial_bayou_lake_a, serial_bayou_pond_b,
          serial_bayou_shore_a, serial_bayou_pond_a, roderic_batcave,
          st_stairs_1, minmay_chambers_of_fives
D:7:      layout_loops_corners
D:8:      layout_gridville, lair_entry_dummy, uniq_psyche, uniq_gastronok,
          uniq_joseph
D:9:      layout_rooms
D:10:     layout_gridville, grunt_dithmenos_shadows,
          chequers_temple_overflow_minitemple, orc_0_dummy
Temple:   nicolae_temple_elliptical
Lair:1:   layout_regular_city
Lair:2:   layout_chaotic_city, minmay_shoals_entry_lonely_mermaid, basic_altar,
          st_stairs_4
Lair:3:   layout_cellular_growth, dummy_snake_entry, basic_altar,
          infiniplex_staircase_pool_2
Lair:4:   layout_cave_pods
Lair:5:   cheibrodos_lair_river_kwai, layout_gridlike,
          gammafunk_ghost_hydra_chop, minmay_lindwurm_lava,
          infiniplex_staircase_pool, uniq_urug

Skill      XL: |  1  2  3  4  5  6  7  8  9 10 11 12 13 |
---------------+----------------------------------------+-----
Fighting       | 4 5 6 7 8 9 10 11 | 11.1
Armour         | 3 4 5 6 8 9 10 11 | 11.0
Dodging        | 3 4 5 6 8 9 10 | 10.9
Long Blades    | 4 5 6 7 8 9 11 12 | 12.4

Action                   |  1- 3 |  4- 6 |  7- 9 | 10-12 | 13-15 || total
-------------------------+-------+-------+-------+-------+-------++-------
Melee: Falchion          |   104 |   112 |       |       |       ||   216
       Long sword        |       |     9 |   308 |   586 |       ||   903
       Scimitar          |       |       |       |   146 |   248 ||   394
Invok: Berserk           |     1 |     3 |     8 |    16 |     5 ||    33
       Trog's Hand       |       |       |     3 |     3 |     1 ||     7
       Brothers in Arms  |       |       |       |     3 |       ||     3
  Use: Scroll            |       |       |     7 |     7 |       ||    14
       Potion            |       |       |       |     5 |       ||     5
 Stab: Sleeping          |     3 |       |       |       |       ||     3
       Distracted        |     1 |       |       |       |       ||     1
Armor: Animal skin       |    12 |     9 |       |       |       ||    21
       Ring mail         |       |    30 |   151 |   189 |    84 ||   454
Dodge: Dodged            |    69 |    87 |   390 |   724 |   322 ||  1592
       Rpst.: Falchion   |    23 |    16 |       |       |       ||    39
       Long sword        |       |     3 |   104 |   156 |       ||   263
       Scimitar          |       |       |       |    31 |   104 ||   135
